 Dungeon Crawl Stone Soup version 0.31.0-32-g396128a36d (webtiles) character file.

Game seed: 6681788984837996202

378 KittyFluff the Changeling (level 6, 0/58 HPs)
             Began as a Troll Shapeshifter on Apr 14, 2024.
             Slain by a gnoll
             ... wielding a +0 whip
              (8 damage)
             ... on level 4 of the Dungeon.
             The game lasted 00:13:42 (3047 turns).

KittyFluff the Changeling (Troll Shapeshifter)      Turns: 3047, Time: 00:13:44

Health: 0/58       AC:  4    Str: 25    XL:     6   Next: 45%
Magic:  5/5        EV:  8    Int:  6    God:
Gold:   247        SH:  6    Dex:  9    Spells: 5/5 levels left

rFire   . .          .
                       - Unarmed
rCold   . . .        B - +0 kite shield
rNeg    + + +        s - +0 robe
rPois   .            (helmet currently unavailable)
rElec   .            (cloak currently unavailable)
rCorr   +            (gloves unavailable)
SInv    .            (boots unavailable)
Will    .....        (no amulet)
Stlth   +            a - ring "Ofeove" {Fly rN+++}
HPRegen 1.09/turn    f - ring of resist corrosion
MPRegen 0.09/turn

%: no passive effects
@: beast-form, flying
A: beast (slay +2), large, unfitting armour, claws 3, regeneration 1, shaggy fur
1, tough skin 1
a: Begin Untransformation


You were on level 4 of the Dungeon.
You were a hulking beast.
You visited 1 branch of the dungeon, and saw 4 of its levels.

You collected 247 gold pieces.

Inventory:

Hand Weapons
 h - a +0 whip
 m - a +0 sling
 n - the +4 short sword "Genigg" {flame, rElec Str+6}
   (You found it on level 2 of the Dungeon)

   Str+6:     It affects your strength (+6).
   rElec:     It insulates you from electricity.
 r - a +2 heavy spear
 v - a +0 quarterstaff
Missiles
 e - 36 stones (quivered)
 l - a throwing net
 p - 4 boomerangs
 A - 2 poisoned darts
Armour
 s - a +0 robe (worn)
 B - a +0 kite shield (worn)
Magical Staves
 g - a staff of fire
 y - a staff of conjuration
Jewellery
 a - the ring "Ofeove" (left claw) {Fly rN+++}
   (You found it on level 3 of the Dungeon)

   [ring of flight]

   rN+++:     It renders you almost immune to negative energy.
   Fly:       It grants you flight.
 f - a ring of resist corrosion (right claw)
 D - an amulet of faith
Talismans
 c - a beast talisman
 d - a flux talisman
Scrolls
 j - a scroll of revelation {unknown}
 k - a scroll of silence {unknown}
 o - 2 scrolls of noise {unknown}
 t - a scroll of enchant armour {unknown}
 z - 2 scrolls of enchant weapon {unknown}
 C - a scroll of amnesia {unknown}
 E - a scroll of identify
Potions
 b - 3 potions of lignification
 i - 2 potions of brilliance
 q - 2 potions of curing
 u - 2 potions of mutation
 w - a potion of attraction {unknown}
 x - a potion of heal wounds {unknown}


   Skills:
 + Level 2.3 Fighting
 + Level 0.1 Armour
 + Level 2.9 Dodging
 + Level 0.1 Shields
 + Level 4.1 Unarmed Combat
 * Level 4.8 Shapeshifting


You had 5 spell levels left.
You didn't know any spells.
Your spell library contained the following spells:

 Spells                   Type           Power      Damage    Failure   Level
 Magic Dart               Conj           0%         1d3       75%         1
 Blink                    Tloc           0%         N/A       87%         2
 Call Imp                 Summ           0%         N/A       87%         2
 Lesser Beckoning         Tloc           0%         N/A       87%         2
 Gell's Gravitas          Tloc           0%         N/A       98%         3
 Teleport Other           Tloc           0%         N/A       98%         3


Dungeon Overview and Level Annotations

Branches:
Dungeon (4/15)
 Temple: D:4-7

Altars:

Shops:
D:4 (


Innate Abilities, Weirdness & Mutations

You are a hulking beast.
Your limbs bulge with bestial killing power. (Slay +2)
You are too large for most types of armour.
You have claws for hands.
Your natural rate of healing is unusually fast.
You are covered in fur. (AC +1)
You have tough skin. (AC +1)


Message History

The gnoll hits you with a +0 flail!
You see here a +0 dagger.
You barely miss the gnoll.
The gnoll is moderately wounded.
You block the gnoll's attack. The gnoll barely misses you.
You scratch the gnoll.
The gnoll is moderately wounded.
You block the gnoll's attack.
The gnoll hits you from afar with a +0 spear!
The gnoll hits you with a +0 whip.
You scratch the gnoll.
The gnoll is moderately wounded.
The gnoll hits you with a +0 flail! You block the gnoll's attack.
The gnoll misses you.
You barely miss the gnoll.
The gnoll is moderately wounded.
The gnoll hits you with a +0 flail!
* * * LOW HITPOINT WARNING * * *
The gnoll hits you from afar with a +0 spear.
* * * LOW HITPOINT WARNING * * *
The gnoll barely misses you.
You closely miss the gnoll.
The gnoll is moderately wounded.
You block the gnoll's attack. The gnoll closely misses you. x2
You scratch the gnoll.
The gnoll is lightly wounded.
The gnoll closely misses you.
The gnoll hits you from afar with a +0 spear.
* * * LOW HITPOINT WARNING * * *
You block the gnoll's attack.
You scratch the gnoll.
The gnoll is heavily wounded.
The gnoll barely misses you. x2; You block the gnoll's attack.
You scratch the gnoll but do no damage.
The gnoll is lightly wounded.
You block the gnoll's attack.
The gnoll hits you from afar with a +0 spear!
* * * LOW HITPOINT WARNING * * *
The gnoll hits you with a +0 whip!
You die...

##...##..##.#.).....
#...........#.<...##
##...##.........).##
###.##.........)... #######
.#..........)..# ##.....#
##### #........##....).
.......###...##
#.g......#.#####.
..8.8..##.....###.>.......#
#
...............ghg......###
8.8...#.................#
.........#..............
8...8....#..............
.......#................
.......#..........#.....
########.........##......
##....##.......... .
##.....#..#..####.. ..


You could see 3 gnolls.

Vanquished Creatures
  A black bear (D:4)
  A howler monkey (D:4)
  2 hounds (D:4)
  A gnoll bouda (D:4)
  An iguana (D:4)
  3 gnolls (D:4)
  2 adders
  A ribbon worm (D:2)
  A dart slug (D:1)
  8 orcs
  7 endoplasms
  2 giant cockroaches
  7 goblins
  4 hobgoblins
  3 jackals (D:4)
  2 quokkas
  6 ball pythons
  2 bats
  4 frilled lizards
  12 kobolds
  7 rats
77 creatures vanquished.

Notes
Turn   | Place    | Note
-------+----------+-------------------------------------------
     0 | D:1      | KittyFluff the Troll Shapeshifter began the quest for the
                  | Orb.
     0 | D:1      | Reached XP level 1. HP: 18/18 MP: 0/0
   158 | D:1      | Reached skill level 1 in Fighting
   210 | D:1      | Reached XP level 2. HP: 27/27 MP: 1/1
  1035 | D:2      | Identified the +4 short sword "Genigg" {flame, rElec Str+6}
  1124 | D:2      | Reached XP level 3. HP: 33/33 MP: 2/2
  1783 | D:3      | Identified the ring "Ofeove" {Fly rN+++}
  2603 | D:4      | Reached XP level 4. HP: 41/41 MP: 3/3
  2717 | D:4      | Reached XP level 5. HP: 44/49 MP: 4/4
  2936 | D:4      | Found Ropow's Antique Weapon Shoppe.
  2940 | D:4      | Noticed a black bear
  2961 | D:4      | Killed a black bear
  2962 | D:4      | Reached XP level 6. HP: 16/58 MP: 5/5
  3047 | D:4      | Slain by a gnoll

Illustrated notes

Levels and vault maps discovered:
D:1:      dpeg_arrival_renting, layout_loops_corners
D:2:      layout_basic
D:3:      layout_basic, chequers_mini_garden
D:4:      layout_cave_pools, lemuel_round_altar, serial_column_ruins,
          column_ruins_circle_small, column_ruins_hut, column_ruins_open_tiny,
          column_ruins_grid_1, column_ruins_open_small, column_ruins_grid_3,
          column_ruins_grid_1, column_ruins_grid_1, serial_shops,
          nicolae_shop_crystal, roderic_roman_lattice

Skill      XL: |  1  2  3  4  5 |
---------------+----------------+-----
Fighting       | 1 2 |  2.3
Dodging        | 2 |  2.9
Shapeshifting  | 4 |  4.8
Unarmed Combat | 4 |  4.1
Armour         | |  0.1
Shields        | |  0.1

Action                     |  1- 3 |  4- 6 || total
---------------------------+-------+-------++-------
  Melee: Unarmed           |   110 |    78 ||   188
         Punch             |     1 |     1 ||     2
    Use: Scroll            |     3 |       ||     3
   Stab: Sleeping          |     1 |       ||     1
 Armour: Animal skin       |    36 |       ||    36
         Robe              |    27 |    71 ||    98
  Dodge: Dodged            |    36 |    47 ||    83
  Block: Kite shield       |       |    17 ||    17
